 Dungeon Crawl Stone Soup version 0.30.1-11-g7821555f0a (webtiles) character file.

Game seed: 10649759584089934484

250 KittyFluff the Cudgeller (level 6, -1/38 HPs)
             Began as a Gargoyle Berserker on Nov 8, 2023.
             Was a Believer of Trog.
             Slain by an ogre
             ... wielding a +0 giant club
              (14 damage)
             ... on level 5 of the Dungeon.
             The game lasted 00:10:27 (3092 turns).

KittyFluff the Cudgeller (Gargoyle Berserker)       Turns: 3092, Time: 00:10:27

Health: -1/38      AC:  7    Str: 23    XL:     6   Next: 13%
Magic:  6/6        EV: 12    Int:  7    God:    Trog [**....]
Gold:   193        SH:  0    Dex: 15    Spells: 5/5 levels left

rFire   . . .        a - +0 mace
rCold   . . .        (no shield)
rNeg    + . .        s - +0 leather armour
rPois   ∞            (no helmet)
rElec   +            (no cloak)
rCorr   .            (no gloves)
SInv    .            (no boots)
Will    .....        (no amulet)
Stlth   ++           o - +6 ring of dexterity
HPRegen 0.26/turn    (no ring)
MPRegen 0.10/turn

%: no passive effects
@: no status effects
A: sickness immunity, AC +4, negative energy resistance 1, electricity
resistance, torment resistance 1, petrification resistance
a: Renounce Religion, Berserk, Trog's Hand


You were on level 5 of the Dungeon.
You worshipped Trog.
Trog was pleased with you.
You visited 1 branch of the dungeon, and saw 5 of its levels.

You collected 193 gold pieces.

Inventory:

Hand Weapons
 a - a +0 mace (weapon)
Missiles
 h - 3 poisoned darts (quivered)
Armour
 s - a +0 leather armour (worn)
Jewellery
 g - a ring of fire
 o - a +6 ring of dexterity (left hand)
Wands
 w - a wand of paralysis (8)
Scrolls
 b - a scroll of enchant weapon {unknown}
 c - 5 scrolls of teleportation
 d - a scroll of blinking {unknown}
 i - 2 scrolls of fear {unknown}
 j - a scroll of immolation {unknown}
 k - 2 scrolls of fog {unknown}
 l - 2 scrolls of noise {unknown}
 m - 2 scrolls of silence {unknown}
 n - 4 scrolls of identify {unknown}
 p - a scroll of magic mapping {unknown}
 q - a scroll of acquirement {unknown}
 t - a scroll of poison {unknown}
 u - 2 scrolls of enchant armour {unknown}
 v - 3 scrolls of summoning {unknown}
Potions
 e - a potion of flight {unknown}
 f - 3 potions of attraction {unknown}
 r - a potion of curing {unknown}


   Skills:
 + Level 4.0 Fighting
 * Level 4.3 Maces & Flails
 * Level 4.1 Armour
 + Level 2.3 Dodging
 + Level 2.2 Stealth


You had 5 spell levels left.
You didn't know any spells.
Your spell library was empty.

Dungeon Overview and Level Annotations

Branches:
Dungeon (5/15)
 Temple: D:4-7

Altars:
Makhleb


Innate Abilities, Weirdness & Mutations

You are immune to sickness and miasma.
Your stone body is resilient. (AC +4)
You are immune to poison.
You resist negative energy. (rN+)
You are resistant to electric shocks. (rElec)
You are resistant to unholy torment.
You are immune to petrification.


Message History

You have reached level 6!
You start resting.
HP restored.
You see here a black bear corpse.
You can't go down here!
There is a stone staircase leading down here.
You climb downwards.
Found a leather armour, 6 stones and a scroll labelled DIANTA VUAF.
Found a stone staircase leading down.
There is a stone staircase leading up here.
As you read the scroll labelled SUDDOR ENGU, it crumbles to dust.
You feel strangely unstable.
It was a scroll of teleportation.
You climb upwards.
There is a stone staircase leading down here.
Your surroundings suddenly seem different.
There is an open door here.
You open the door.
Found a burning altar of Makhleb.
There is an open door here.
There is an open door here.
There is an open door here.
There is a stone staircase leading down here.
You climb downwards.
Found a stone staircase leading down.
There is a stone staircase leading up here.
The ogre shouts!
You hit the ogre.
The ogre is lightly wounded.
The ogre barely misses you.
You sock the ogre!
The ogre is heavily wounded.
The ogre hits you with a +0 giant club!!
Ouch! That really hurt!
You hit the ogre.
The ogre is severely wounded.
The ogre hits you with a +0 giant club.
You thump the ogre!
The ogre is almost dead.
The ogre hits you with a +0 giant club!
You die...

## .. #. # #.##
.# #..# ..#
#..##..# #
#..O...#
....####@##..##
.......<.......#
................
....#...........
... #.##.##.#..#
. #. #.. .....
#. #### ..>. #
###


You could see an ogre.

Vanquished Creatures
  A black bear (D:4)
  An orc wizard (D:4)
  6 adders
  A gnoll (D:1)
  2 worms
  3 dart slugs
  7 orcs
  3 bats
  5 endoplasms
  A giant cockroach (D:2)
  7 goblins
  6 jackals (D:2)
  6 kobolds
  A quokka (D:2)
  2 ball pythons
  2 rats
54 creatures vanquished.

Notes
Turn   | Place    | Note
-------+----------+-------------------------------------------
     0 | D:1      | KittyFluff the Gargoyle Berserker began the quest for the
                  | Orb.
     0 | D:1      | Reached XP level 1. HP: 14/14 MP: 1/1
   133 | D:1      | Reached XP level 2. HP: 9/19 MP: 2/2
   531 | D:1      | Reached XP level 3. HP: 21/23 MP: 3/3
   875 | D:2      | Reached skill level 1 in Stealth
  1044 | D:2      | Reached ** piety under Trog
  1248 | D:2      | Reached XP level 4. HP: 28/28 MP: 4/4
  1922 | D:3      | Identified the +4 dagger of the Scavenger {elec, rPois
                  | rCorr Str+3}
  2176 | D:4      | Reached XP level 5. HP: 33/33 MP: 5/5
  2901 | D:4      | Noticed a black bear
  2912 | D:4      | Killed a black bear
  2913 | D:4      | Reached XP level 6. HP: 15/38 MP: 6/6
  3042 | D:5      | Entered Level 5 of the Dungeon
  3065 | D:4      | Found a burning altar of Makhleb.
  3092 | D:5      | Slain by an ogre

Illustrated notes

Levels and vault maps discovered:
D:1:      dpeg_arrival_tiny_j, layout_basic
D:2:      layout_loops_ring, mrwooster_statue_mirror
D:3:      layout_loops_cross
D:4:      layout_loops_corners, lightli_temple_of_fire
D:5:      layout_basic, xom_redecorated, fedhas_ov_isle_minmay, temple_doors_e,
          nicolae_shop_self_help

Skill      XL: |  1  2  3  4  5 |
---------------+----------------+-----
Armour         | 3 4 |  4.1
Stealth        | 1 2 |  2.2
Dodging        | 2 |  2.3
Maces & Flails | 4 |  4.3
Fighting       | 4 |  4.0

Action                     |  1- 3 |  4- 6 || total
---------------------------+-------+-------++-------
  Melee: Mace              |    87 |   121 ||   208
         Punch             |     1 |     1 ||     2
    Use: Scroll            |       |     1 ||     1
   Stab: Sleeping          |       |     3 ||     3
 Armour: Animal skin       |    29 |     3 ||    32
         Leather armour    |       |    47 ||    47
  Dodge: Dodged            |    60 |    73 ||   133
